 Dungeon Crawl Stone Soup version 0.29.1-15-g9cfb28693d (webtiles) character file.

Game seed: 4136326172186387851

380 Silvore the Chopper (level 6, 0/48 HPs)
             Began as a Demonspawn Monk on May 1, 2023.
             Was a Believer of Okawaru.
             Slain by Pikel
             ... wielding a +1 whip of flaming
              (3 damage)
             ... on level 4 of the Dungeon.
             The game lasted 00:05:22 (3691 turns).

Silvore the Chopper (Demonspawn Monk)               Turns: 3691, Time: 00:05:23

Health: 0/48       AC:  9    Str: 11    XL:     6   Next: 46%
Magic:  15/15      EV: 10    Int: 12    God:    Okawaru [**....]
Gold:   114        SH:  0    Dex: 17    Spells: 5/5 levels left

rFire   + . .      SeeInvis .   a - +0 hand axe (flame)
rCold   x . .      Faith    .   (no shield)
rNeg    . . .      Spirit   .   j - +1 scale mail
rPois   .          Reflect  .   (no helmet)
rElec   .          Harm     .   (no cloak)
rCorr   .          Rampage  .   (no gloves)
Will    .....                   (no boots)
Stlth   +.........              g - amulet of regeneration
HPRegen 0.96/turn               e - ring of fire
MPRegen 0.14/turn               h - ring of magical power

@: no status effects
A: claws 2, slimy green scales 1
a: Renounce Religion, Heroism


You were on level 4 of the Dungeon.
You worshipped Okawaru.
Okawaru was pleased with you.
You visited 1 branch of the dungeon, and saw 4 of its levels.

You collected 114 gold pieces.

Inventory:

Hand Weapons
 a - a +0 hand axe of flaming (weapon)
Armour
 b - a +0 robe
 j - a +1 scale mail (worn)
Jewellery
 e - a ring of fire (left claw)
 g - an amulet of regeneration (around neck)
 h - a ring of magical power (right claw)
Wands
 d - a wand of roots (6)
Potions
 k - a potion of invisibility {unknown}
 m - a potion of mutation {unknown}


   Skills:
 + Level 4.0 Fighting
 + Level 4.6 Axes
 + Level 0.5 Armour
 + Level 4.0 Dodging
 + Level 3.3 Stealth


You had 5 spell levels left.
You didn't know any spells.
Your spell library contained the following spells:

 Spells                   Type           Power      Damage    Failure   Level
 Ensorcelled Hibernation  Hex/Ice        0%         N/A       97%         2
 Passwall                 Tmut/Erth      0%         N/A       97%         2
 Swiftness                Air            0%         N/A       99%         3


Dungeon Overview and Level Annotations

Branches:
Dungeon (4/15)
 Temple: D:4-7

Altars:
Dithmenos
Okawaru
Wu Jian

Shops:
D:3 (

Annotations:
D:4 Pikel


Innate Abilities, Weirdness & Mutations

You have very sharp fingernails.
You are partially covered in slimy green scales. (AC +2)


Message History

You hit the lemure. You burn the lemure. You hit the lemure but do no damage.
You feel less invigorated.
You feel less confused. The lemure hits you. The lemure closely misses you.
The lemure hits you. x2
Pikel closely misses you.
You hit Pikel. You burn Pikel.
Pikel is almost dead.
You hit the lemure. You burn the lemure. You closely miss the lemure.
You hit the lemure but do no damage. x2; The lemure barely misses you.
The lemure closely misses you. The lemure hits you.
The lemure barely misses you. Pikel closely misses you.
You barely miss Pikel.
Pikel is almost dead.
You hit the lemure but do no damage. You hit the lemure. You burn the lemure.
You hit the lemure. You burn the lemure. You completely miss the lemure.
The lemure misses you. The lemure closely misses you.
The lemure barely misses you. The lemure hits you.
* * * LOW HITPOINT WARNING * * *
Pikel hits you with a +1 whip of flaming.
* * * LOW HITPOINT WARNING * * *
You closely miss Pikel.
Pikel is almost dead.
You closely miss the lemure. You hit the lemure. You burn the lemure.
You hit the lemure but do no damage. You closely miss the lemure.
The lemure hits you.
* * * LOW HITPOINT WARNING * * *
Pikel hits you with a +1 whip of flaming.
* * * LOW HITPOINT WARNING * * *
Pikel burns you.
* * * LOW HITPOINT WARNING * * *
The lemure barely misses you. x2; The lemure hits you but does no damage.
You hit Pikel. You burn Pikel.
Pikel is almost dead.
You completely miss the lemure. You hit the lemure. You burn the lemure.
You closely miss the lemure. You hit the lemure but do no damage.
The lemure hits you but does no damage. The lemure hits you.
* * * LOW HITPOINT WARNING * * *
The lemure hits you but does no damage.
Pikel hits you with a +1 whip of flaming.
You die...

.##.....#
.#......#
##......# #
#.......# #
..#.#.......##.###
#......!......?..
#..55K...##.###
#@5<.......#
#5###.#....#
#.#...........
#.#####....... #..
....... ###
#.#.... .#.#.> .#
#..


You could see Pikel and 4 lemures.

Vanquished Creatures
  Sigmund (D:2)
  Jessica (D:2)
  Terence (D:2)
  2 orc wizards (D:3)
  3 adders
  2 worms
  2 dart slugs (D:1)
  6 orcs (D:3)
  7 bats
  4 endoplasms
  6 giant cockroaches
  10 goblins
  7 hobgoblins
  2 jackals (D:3)
  6 kobolds
  A quokka (D:2)
  9 ball pythons
  2 frilled lizards (D:2)
  7 rats
79 creatures vanquished.

Notes
Turn   | Place    | Note
-------+----------+-------------------------------------------
     0 | D:1      | Silvore the Demonspawn Monk began the quest for the Orb.
     0 | D:1      | Reached XP level 1. HP: 18/18 MP: 1/1
   362 | D:1      | Gained mutation: You are partially covered in slimy green
                  | scales. (AC +2) [demonic ancestry]
   362 | D:1      | Reached XP level 2. HP: 18/24 MP: 2/2
   849 | D:1      | Gained mutation: You have sharp fingernails. [demonic
                  | ancestry]
   849 | D:1      | Reached XP level 3. HP: 14/29 MP: 3/3
  1573 | D:2      | Noticed Sigmund
  1615 | D:2      | Killed Sigmund
  1616 | D:2      | Reached XP level 4. HP: 34/37 MP: 4/4
  1616 | D:2      | Reached XP level 5. HP: 39/42 MP: 5/5
  1629 | D:2      | Noticed Terence
  1661 | D:2      | Killed Terence
  2364 | D:2      | Noticed Jessica
  2372 | D:2      | Killed Jessica
  2373 | D:2      | Gained mutation: You have very sharp fingernails. [demonic
                  | ancestry]
  2373 | D:2      | Reached XP level 6. HP: 48/48 MP: 6/6
  2662 | D:3      | Found Cymoyl's Weapon Shoppe.
  2766 | D:3      | Found a shadowy altar of Dithmenos.
  3074 | D:3      | Found an ornate altar of the Wu Jian Council.
  3473 | D:3      | Found an iron altar of Okawaru.
  3482 | D:3      | Became a worshipper of Warmaster Okawaru
  3482 | D:3      | Reached * piety under Okawaru
  3482 | D:3      | Reached ** piety under Okawaru
  3647 | D:4      | Noticed Pikel
  3691 | D:4      | Slain by Pikel

Illustrated notes

Levels and vault maps discovered:
D:1:      dpeg_arrival_erosion, layout_basic, serial_glass, glass_columns_a,
          glass_columns_b, grunt_decor_clamped, chequers_decorated_corner,
          minmay_tetromino_s4
D:2:      layout_loops_corners, serial_glass, glass_columns_a, glass_columns_a,
          grunt_decor_junction, uniq_terence, uniq_jessica, uniq_sigmund
D:3:      layout_basic, nicolae_dithmenos_shadow_blocks, lemuel_crystal_altar,
          nicolae_wu_jian_glorious_leap, serial_shops, shop_fountains
D:4:      layout_basic, zin_statuary, minmay_temple_entry_slanted, serial_shops,
          nicolae_shop_behind_doors, chequers_serial_rivers_large_b,
          uniq_eustachio, uniq_pikel, uniq_menkaure

Skill      XL: |  1  2  3  4  5  6 |
---------------+-------------------+-----
Dodging        | 3 4 |  4.0
Axes           | 3 4 |  4.6
Stealth        | 2 3 |  3.3
Fighting       | 4 |  4.0
Armour         | |  0.5

Action                   |  1- 3 |  4- 6 || total
-------------------------+-------+-------++-------
Melee: Hand axe          |   106 |   226 ||   332
       Punch             |     2 |     4 ||     6
  Use: Potion            |     1 |     3 ||     4
       Scroll            |       |     6 ||     6
 Stab: Sleeping          |     7 |     4 ||    11
Armor: Robe              |    19 |    22 ||    41
       Scale mail        |       |    83 ||    83
Dodge: Dodged            |    76 |   189 ||   265
